 Dungeon Crawl Stone Soup version 0.15-a0-1004-gbf4e2e6 (webtiles) character file.

7572 Amnesiac the Covert (level 11, -11/63 HPs)
             Began as a Halfling Enchanter on May 25, 2014.
             Was a High Priest of Dithmenos.
             Mangled by a hill giant
             ... wielding a +0,+0 giant club
              (17 damage)
             ... on Level 10 of the Dungeon.
             The game lasted 01:01:49 (11371 turns).

Amnesiac the Covert (Halfling Enchanter)           Turns: 11371, Time: 01:01:49

HP -11/63        AC  9     Str 11      XL: 11   Next: 39%
MP  12/24        EV 18     Int 18      God: Dithmenos [*****.]
Gold 479         SH 15     Dex 18      Spells:  4 memorised,  1 level left

rFire  . . .     SeeInvis .     w - +2 dagger
rCold  . . .     Clarity  .     b - +2 robe
rNeg   . . .     Conserve .     A - +0 buckler
rPois  .         rCorr    .     t - +2 helmet
rElec  .         rRot     .     T - +1 cloak
SustAb .         Spirit   .     (no gloves)
rMut   .         Warding  .     (no boots)
Gourm  .         Stasis   .     (no amulet)
MR     .....                    z - ring of magical power
                                m - +6 ring of strength

@: very slightly contaminated, wreathed by umbra, not resistant to hostile
enchantments, quite stealthy
A: mutation resistance 1
a: Shadow Step, Shadow Form, Renounce Religion


You were on level 10 of the Dungeon.
You worshipped Dithmenos.
Dithmenos was extremely pleased with you.
You were near starving.

You visited 2 branches of the dungeon, and saw 11 of its levels.
You also visited: Sewer and Ossuary.

You collected 595 gold pieces.
You spent 116 gold pieces at shops.

Inventory:

Hand weapons
 e - a +8 blowgun
 w - a +2,+2 dagger (weapon)
Missiles
 x - 14 curare-tipped needles
 E - 4 needles of sleeping
Armour
 b - a +2 robe (worn)
 t - a +2 helmet (worn)
 A - a +0 buckler (worn)
 T - a +1 cloak (worn)
Magical devices
 K - a wand of hasting (5)
Comestibles
 i - a pear
 l - a choko
 n - an apricot
 F - 2 meat rations
 I - a lychee
 P - 8 sultanas
 Q - 8 slices of pizza
 R - 4 bread rations
Scrolls
 f - a scroll of summoning
 j - 4 scrolls of remove curse
 k - 2 scrolls of amnesia
 o - 5 scrolls of teleportation
 v - 3 scrolls of blinking
 y - a scroll of fog
 C - 2 scrolls of magic mapping
 M - a scroll of identify
 O - a scroll of vulnerability
Jewellery
 a - a cursed ring of positive energy
 m - a +6 ring of strength (left hand)
 u - an uncursed amulet of the gourmand {unknown}
 z - a ring of magical power (right hand)
 D - an uncursed ring of poison resistance
Potions
 d - a potion of brilliance
 g - 4 potions of haste {unknown}
 h - 2 potions of resistance
 p - 8 potions of curing
 q - 4 potions of agility
 r - 6 potions of flight
 s - 3 potions of might
 B - a potion of invisibility
 G - 5 potions of heal wounds
 H - 2 potions of restore abilities
 J - 2 potions of mutation
 L - a potion of magic
Books
 c - a book of Maledictions

   Spells                             Type                      Level
   Corona                             Hexes                        1
   Sure Blade                         Hexes/Charms                 2
   *Ensorcelled Hibernation           Hexes/Ice                    2
   *Confuse                           Hexes                        3
   *Dazzling Spray                    Conjuration/Hexes            3
   *Enslavement                       Hexes                        4
 N - a book of Geomancy

   Spells                             Type                      Level
   Sandblast                          Earth                        1
   Stoneskin                          Transmutation/Earth          2
   Passwall                           Transmutation/Earth          3
   Stone Arrow                        Conjuration/Earth            3
   Petrify                            Transmutation/Earth          4
   Lee's Rapid Deconstruction         Earth                        5


   Skills:
 + Level 1.5 Fighting
 - Level 10.0 Short Blades
 - Level 3.0 Throwing
 - Level 5.0 Dodging
 - Level 10.1 Stealth
 - Level 7.0 Shields
 - Level 1.5 Spellcasting
 - Level 10.1 Hexes
 - Level 1.5 Ice Magic


You had one spell level left.
You knew the following spells:

 Your Spells              Type           Power        Failure   Level  Hunger
d - Enslavement           Hex            #####...     2%          4    #####..
e - Dazzling Spray        Conj/Hex       ###.....     10%         3    ####...
f - Confuse               Hex            #####...     1%          3    ####...
z - Ensorcelled Hibernat  Hex/Ice        ###...       2%          2    ###....


Dungeon Overview and Level Annotations

Branches:
Dungeon (10/15)            Temple (1/1) D:5             Orc (0/4) D:9
   Lair: D:8-11

Altars:
Dithmenos
Fedhas
Gozag
Sif Muna
Trog
The Shining One

Shops:
D:2 *   D:4 %   D:9 }(*=:


Innate Abilities, Weirdness & Mutations

You are small and have problems with some larger weapons.
You are somewhat resistant to further mutation.


Message History

Ouch! That really hurt!
* * * LOW HITPOINT WARNING * * *
You emit a cloud of dark smoke.
Casting: Dazzling Spray
Confirm with . or Enter, or press ? or * to list all spells.
Aiming: Ensorcelled Hibernation
Press: ? - help, Shift-Dir - straight line, f/p - hill giant
Aim: a hill giant, wielding a giant club (black smoke, heavily wounded, blind, umbra)
The hill giant easily resists.
The hill giant hits you with a giant club!
* * * LOW HITPOINT WARNING * * *
The hill giant is no longer blind.
Casting: Ensorcelled Hibernation
Confirm with . or Enter, or press ? or * to list all spells.
Aiming: Ensorcelled Hibernation
Press: ? - help, Shift-Dir - straight line, f/p - hill giant
Aim: a hill giant, wielding a giant club (heavily wounded, umbra)
The hill giant easily resists.
The hill giant hits you with a giant club!
You die...

........##
##................... ........
#................... ........
##..................
#...)....###..................
...................... .
..................... .>
....................... ...
......................... . .
............@........... ..
...........C###.......... .
............## ##...#...... ..
...>....)§..# #..###.....# .
.........§§.## ##...#.......##
........§.§§###.............#
?........§§§§....$...........
.............................
............................


You could see a hill giant.

Vanquished Creatures
  2 gargoyles (D:10)
  The ghost of chei the Martial Artist, an experienced OpMo (D:6)
  2 trolls
  A spriggan (D:9)
  A deep elf mage (D:9)
  4 yaks (D:10)
  Eustachio (D:8)
  Grum (D:10)
  3 wolves (D:10)
  2 hippogriffs (D:9)
  Edmund (D:6)
  A water moccasin (D:10)
  A black bear (D:8)
  2 ice beasts (D:9)
  2 orc warriors
  A phantom (D:4)
  8 ogres
  The ghost of ciphuk the Slasher, an average HESk (D:5)
  5 giant frogs
  2 centaurs
  A big kobold (D:7)
  2 jellies
  A wyvern skeleton (D:9)
  6 scorpions
  A troll skeleton (D:8)
  7 wights
  4 crimson imps
  6 killer bees (D:9)
  7 bog bodies (Ossuary)
  A goliath beetle (D:7)
  A giant frog zombie (Ossuary)
  An elf zombie (D:9)
  3 hounds
  Natasha (thrice) (D:6)
  4 orc wizards
  4 orc priests
  8 worker ants
  2 iguanas
  Jessica (D:4)
  A big kobold zombie (D:7)
  A hound zombie (D:6)
  7 mummies (Ossuary)
  7 gnolls
  3 worker ant zombies (Ossuary)
  10 adders
  2 orc skeletons
  3 giant mites
  7 worms
  An adder zombie (D:9)
  5 oozes
  28 orcs
  25 bats
  18 goblins
  12 hobgoblins
  20 kobolds
  4 quokkas
  2 ball pythons
  7 giant cockroaches
  6 giant geckos
  2 giant newts
  A giant spore (D:9)
  2 hobgoblin zombies
  18 jackals
  3 orc zombies
  A quokka zombie (D:7)
  7 rats
  2 rat zombies
  15 ballistomycetes (D:9)
325 creatures vanquished.

Vanquished Creatures (collateral kills)
  An orc warrior (D:6)
  A worker ant (D:8)
  A jackal (D:9)
  A giant spore (D:9)
4 creatures vanquished.

Vanquished Creatures (others)
  A goliath beetle (D:6)
  A kobold (D:6)
  2 plants (Ossuary)
4 creatures vanquished.

Grand Total: 333 creatures vanquished

Notes
Turn   | Place    | Note
--------------------------------------------------------------
     0 | D:1      | Amnesiac, the Halfling Enchanter, began the quest for the Orb.
     0 | D:1      | Reached XP level 1. HP: 11/11 MP: 2/2
   283 | D:3      | Reached XP level 2. HP: 9/17 MP: 1/3
   287 | D:3      | Learned a level 2 spell: Ensorcelled Hibernation
   475 | D:2      | Reached skill level 3 in Hexes
   508 | D:2      | Found Gozag's Nutrition Petition.
   508 | D:2      | Found an opulent altar of Gozag.
   603 | D:3      | Noticed an ogre
   764 | D:4      | Reached skill level 1 in Ice Magic
   764 | D:4      | Reached XP level 3. HP: 12/21 MP: 5/5
   769 | D:4      | Found a glowing drain.
   890 | Sewer    | Entered a sewer
   905 | Sewer    | Reached XP level 4. HP: 24/27 MP: 3/6
   910 | Sewer    | Learned a level 3 spell: Confuse
  1730 | Sewer    | Reached skill level 4 in Stealth
  1873 | D:4      | Noticed Jessica
  2092 | D:5      | Entered Level 5 of the Dungeon
  2098 | D:5      | Reached XP level 5. HP: 31/31 MP: 7/7
  2123 | D:5      | Noticed a centaur
  2319 | D:4      | Noticed a phantom
  2388 | D:4      | Found Noex's Food Shoppe.
  2964 | D:4      | Reached XP level 6. HP: 24/36 MP: 0/9
  2981 | D:4      | Killed a phantom
  3314 | D:4      | Killed Jessica
  3314 | D:4      | Reached skill level 5 in Hexes
  3329 | D:4      | Found a deep blue altar of Sif Muna.
  3435 | D:5      | Noticed an ogre
  3435 | D:5      | Noticed ciphuk's ghost (average HESk)
  3447 | D:5      | Killed an ogre
  3447 | D:5      | Reached XP level 7. HP: 41/41 MP: 7/10
  3493 | D:5      | Killed ciphuk's ghost
  3493 | D:5      | Reached skill level 6 in Hexes
  3529 | D:5      | Found a staircase to the Ecumenical Temple.
  3535 | Temple   | Entered the Ecumenical Temple
  3560 | Temple   | Became a worshipper of Dithmenos the Shadowed
  3642 | D:6      | Reached skill level 5 in Stealth
  5064 | D:3      | Noticed a worker ant
  5078 | D:3      | Killed a worker ant
  5113 | D:3      | Killed an ogre
  5113 | D:3      | Reached XP level 8. HP: 46/46 MP: 11/11
  5161 | D:3      | Reached skill level 7 in Stealth
  5689 | D:5      | Found a blossoming altar of Fedhas.
  5750 | D:5      | Noticed a troll
  5835 | D:5      | Reached skill level 8 in Stealth
  5929 | D:5      | Killed a troll
  6096 | D:5      | Killed a centaur
  6443 | D:6      | Acquired Dithmenos' first power
  6446 | D:6      | Paralysed by a potion of paralysis for 4 turns
  6579 | D:6      | Reached XP level 9. HP: 35/51 MP: 1/13
  6702 | D:6      | Noticed Edmund
  6715 | D:6      | Learned a level 3 spell: Dazzling Spray
  6733 | D:6      | Killed Edmund
  6742 | D:6      | Noticed Natasha
  6752 | D:6      | Killed Natasha
  7030 | D:6      | Noticed Natasha
  7039 | D:6      | Killed Natasha
  7107 | D:6      | Noticed Natasha
  7112 | D:6      | Killed Natasha
  7218 | D:6      | Noticed chei's ghost (experienced OpMo)
  7235 | D:6      | Killed chei's ghost
  7385 | D:7      | Reached skill level 5 in Dodging
  7641 | D:7      | Found a sand-covered staircase.
  7658 | Ossuary  | Entered an ossuary
  7697 | Ossuary  | Acquired Dithmenos' second power
  7792 | Ossuary  | Reached skill level 9 in Short Blades
  8058 | Ossuary  | Reached XP level 10. HP: 56/56 MP: 8/14
  8246 | D:7      | Reached skill level 10 in Short Blades
  8698 | D:8      | Noticed Eustachio
  8803 | D:8      | Killed Eustachio
  8894 | D:8      | Found a glowing golden altar of the Shining One.
  8903 | D:8      | Found a bloodstained altar of Trog.
  8914 | D:8      | Reached skill level 10 in Stealth
  9112 | D:8      | Reached skill level 1 in Shields
  9196 | D:8      | Acquired Dithmenos' third power
  9374 | D:8      | Learned a level 4 spell: Enslavement
  9587 | D:9      | Found a staircase to the Orcish Mines.
  9628 | D:9      | Noticed a gargoyle
  9631 | D:9      | Found Isaorcha's Book Emporium.
  9647 | D:8      | Got a shimmering trident
  9814 | D:9      | Found Threidor's Jewellery Boutique.
  9826 | D:9      | Found Brigih's Weapon Shoppe.
  9833 | D:9      | Found Hotezaugo's General Store.
  9868 | D:9      | Bought a scroll of enchant weapon I for 45 gold pieces
  9868 | D:9      | Bought a potion of magic for 71 gold pieces
  9948 | D:9      | Reached skill level 5 in Shields
 10146 | D:9      | Got a fabulously ornate robe
 10152 | D:9      | Identified the +1 robe "Phallal" {Str-2 Dex+4 Int+3 Curse} (You found it on level 9 of the Dungeon)
 10263 | D:9      | Found Gakik's Gadget Shop.
 10450 | D:10     | Entered Level 10 of the Dungeon
 10522 | D:10     | Reached XP level 11. HP: 61/61 MP: 15/15
 10579 | D:10     | Noticed Grum
 10605 | D:10     | Noticed a gargoyle
 10611 | D:10     | Killed a gargoyle
 10616 | D:10     | Killed Grum
 10656 | D:10     | Acquired Dithmenos' fourth power
 10890 | D:10     | Reached skill level 10 in Hexes
 10904 | D:10     | Reached skill level 1 in Fighting
 11322 | D:10     | Noticed a gargoyle
 11335 | D:10     | Noticed a hill giant
 11343 | D:10     | a gargoyle (ally) was killed
 11371 | D:10     | Mangled by a hill giant

Action                   |  1- 3 |  4- 6 |  7- 9 | 10-12 || total
-------------------------+-------+-------+-------+-------++-------
Melee: Dagger            |    70 |   132 |   453 |   377 ||  1032
       Short sword       |       |    30 |       |       ||    30
 Cast: Corona            |     8 |       |       |       ||     8
       Ensorcelled Hiber |     4 |    10 |    49 |    76 ||   139
       Confuse           |       |    22 |    40 |     9 ||    71
       Dazzling Spray    |       |       |    14 |    13 ||    27
       Enslavement       |       |       |       |     3 ||     3
Evoke: Wand              |       |       |       |     4 ||     4
  Use: Potion            |       |     6 |     2 |     1 ||     9
       Scroll            |       |     9 |     9 |    18 ||    36
 Stab: Sleeping          |    11 |    14 |    46 |    62 ||   133
       Confused          |       |     5 |    23 |     8 ||    36
       Invisible         |       |       |     4 |     5 ||     9
       Distracted        |       |       |     3 |     1 ||     4
